 Dungeon Crawl Stone Soup version 0.31.0-11-ge490571c62 (webtiles) character file.

Game seed: 10771026031022183459

133 Zeor the Conjurer (level 5, -1/30 HPs)
             Began as a Tengu Reaver on Jan 31, 2024.
             Slain by a gnoll
             ... wielding a +0 halberd
              (5 damage)
             ... on level 3 of the Dungeon.
             The game lasted 00:06:41 (1921 turns).

Zeor the Conjurer (Tengu Reaver)                    Turns: 1921, Time: 00:06:42

Health: -1/30      AC:  4    Str: 13    XL:     5   Next: 16%
Magic:  5/9        EV: 12    Int: 15    God:
Gold:   93         SH:  0    Dex: 12    Spells: 2/9 levels left

rFire   . . .        a - +0 falchion
rCold   . . .        (no shield)
rNeg    . . .        b - +1 leather armour
rPois   .            (helmet restricted)
rElec   .            (no cloak)
rCorr   .            (no gloves)
SInv    .            (boots unavailable)
Will    .....        (no amulet)
Stlth   +            (no ring)
HPRegen 0.25/turn    (no ring)
MPRegen 0.11/turn

%: acrobat
@: attractive
A: beak, talons 3, acrobatic
a: no special abilities


You were on level 3 of the Dungeon.
You visited 1 branch of the dungeon, and saw 3 of its levels.

You collected 93 gold pieces.

Inventory:

Hand Weapons
 a - a +0 falchion (weapon)
 h - a +1 dagger of protection
Armour
 b - a +1 leather armour (worn)
Scrolls
 c - 3 scrolls of poison
 d - a scroll of teleportation
 i - a scroll of fog
Potions
 e - a potion of haste
 f - a potion of heal wounds
 j - a potion of invisibility {unknown}


   Skills:
 + Level 2.1 Fighting
 * Level 4.3 Long Blades
 + Level 1.3 Armour
 + Level 2.3 Dodging
 * Level 2.5 Spellcasting
 * Level 4.7 Conjurations
 * Level 2.7 Air Magic


You had 2 spell levels left.
You knew the following spells:

 Your Spells              Type           Power      Damage    Failure   Level
k - Kiss of Death         Conj/Necr      32%        2d7       11%         1
r - Cigotuvi's Dreadful   Necr/Alch/Air  8%         N/A       28%         2
s - Momentum Strike       Conj/Tloc      16%        3d8       16%         2
v - Mercury Vapours       Alch/Air       12%        N/A       22%         2

Your spell library contained the following spells:

 Spells                   Type           Power      Damage    Failure   Level
 Blink                    Tloc           2%         N/A       38%         2
 Lesser Beckoning         Tloc           2%         N/A       38%         2
 Mephitic Cloud           Conj/Alch/Air  9%         N/A       28%         3
 Hailstorm                Conj/Ice       8%         3d5       30%         3
 Gell's Gravitas          Tloc           1%         N/A       63%         3
 Teleport Other           Tloc           1%         N/A       63%         3
 Arcjolt                  Conj/Air       6%         1d16      85%         5
 Freezing Cloud           Conj/Ice/Air   4%         6-21      95%         5
 Dispersal                Tloc           0%         N/A       100%        6
 Plasma Beam              Fire/Air       3%         2x1d13    100%        6


Dungeon Overview and Level Annotations

Branches:
Dungeon (3/15)

Altars:

Shops:
D:2 =


Innate Abilities, Weirdness & Mutations

You have a beak for a mouth.
You have claws for feet.
You can magically evade attacks while moving or waiting.


Message History

Casting: Mercury Vapours (safe; 22% risk of failure)
Confirm with . or Enter, or press ? or * to list all spells.
Aiming: Mercury Vapours (safe; 22% risk of failure)
Press: ? - help, Dir - move target, f - gnoll
Aim: a gnoll, wielding a +0 halberd (chance to weaken: 100%) Fumes of mercury billow around the gnoll!
The gnoll is poisoned.
The gnoll looks weaker.
The gnoll misses you. The gnoll barely misses you.
You closely miss the gnoll. You peck the gnoll.
The gnoll is moderately wounded.
The gnoll closely misses you.
An orc comes into view. It is wielding a +0 dagger.
The gnoll barely misses you. The orc is attracted toward you.
The orc shouts!
You hit the gnoll. Your peck misses the gnoll.
The gnoll is moderately wounded.
The gnoll misses you.
You hit the gnoll. You claw the gnoll. You peck the gnoll, but do no damage.
The gnoll is almost dead.
The gnoll barely misses you. The gnoll misses you.
Unknown command.
You hit the gnoll.
You kill the gnoll!
The gnoll hits you from afar with a +0 halberd.
You hit the gnoll. You claw the gnoll!
The gnoll is almost dead.
The gnoll hits you from afar with a +0 halberd!
* * * LOW HITPOINT WARNING * * *
The gnoll hits you with a +0 flail.
* * * LOW HITPOINT WARNING * * *
Casting: Mercury Vapours (safe; 22% risk of failure)
Confirm with . or Enter, or press ? or * to list all spells.
Aiming: Mercury Vapours (safe; 22% risk of failure)
Press: ? - help, Dir - move target, f/p - gnoll
Aim: a gnoll, wielding a +0 halberd (heavily wounded, very poisoned, weak, chance to weaken: 100%) Fumes of mercury billow around the gnoll!
The gnoll looks even sicker.
The gnoll looks even weaker.
The gnoll looks weaker.
The gnoll hits you from afar with a +0 halberd.
You die... ∙∙∙∙∙ ∙∙[∙∙∙ ∙∙∙∙∙∙

∙∙∙∙∙∙▒▒▒▒▒▒▒▒▒▒
∙∙∙∙∙∙∙∙∙∙∙∙∙∙∙▒
∙∙∙∙∙∙∙†<▒▒▒∙∙∙▒
∙∙∙∙∙∙†∙∙g▒†∙▒▒▒▒▒
∙∙∙(∙∙∙∙∙▒g▒▒▒▒∙∙▒
∙∙∙∙∙∙∙∙▒∙▒Q∙∙∙∙∙▒
∙∙∙∙∙∙∙▒g▒▒∙∙▒∙▒▒▒
8∙∙∙∙∙▒∙▒ ▒∙∙▒∙▒
$∙∙∙∙▒∙▒ ▒∙∙▒∙▒
∙∙∙∙▒∙▒ ▒∙∙∙∙▒
∙∙∙▒∙▒▒▒▒▒▒∙∙∙∙▒
▒▒∙▒∙∙∙∙∙∙∙∙∙∙▒
∙▒∙▒▒▒▒▒▒∙∙∙∙▒
▒∙∙▒∙▒ ▒


You could see 2 gnolls.

Vanquished Creatures
  Natasha (D:3)
  2 gnolls (D:3)
  4 adders
  A dart slug (D:1)
  2 orcs
  4 ball pythons
  2 bats
  3 endoplasms
  A giant cockroach (D:2)
  3 goblins
  4 hobgoblins
  4 jackals
  4 quokkas (D:2)
  4 frilled lizards
  2 kobolds (D:2)
  10 rats
51 creatures vanquished.

Notes
Turn   | Place    | Note
-------+----------+-------------------------------------------
     0 | D:1      | Zeor the Tengu Reaver began the quest for the Orb.
     0 | D:1      | Reached XP level 1. HP: 12/12 MP: 4/4
    90 | D:1      | Reached XP level 2. HP: 17/17 MP: 6/6
   123 | D:1      | Learned a level 2 spell: Momentum Strike
   478 | D:2      | Reached XP level 3. HP: 13/21 MP: 7/7
   807 | D:2      | Reached skill level 1 in Armour
   931 | D:2      | Reached XP level 4. HP: 26/26 MP: 8/8
  1360 | D:2      | Found a faded altar of an unknown god.
  1420 | D:2      | Found Pestael's Jewellery Boutique.
  1744 | D:3      | Got the Textbook on Ghoulish Lightning
  1748 | D:3      | Learned a level 2 spell: Cigotuvi's Dreadful Rot
  1814 | D:3      | Reached skill level 1 in Air Magic
  1855 | D:3      | Learned a level 2 spell: Mercury Vapours
  1867 | D:3      | Noticed Natasha
  1872 | D:3      | Killed Natasha
  1915 | D:3      | Reached XP level 5. HP: 16/30 MP: 9/9
  1921 | D:3      | Slain by a gnoll

Illustrated notes

Levels and vault maps discovered:
D:1:      dpeg_arrival_ratfight, layout_rooms
D:2:      minmay_chambers_of_ones, layout_basic, serial_shops,
          nicolae_shop_temple_entry_statues_fountains,
          chequers_ecumenical_altar_twisty
D:3:      wad_pebble_path, layout_rooms, kennysheep_cross_bottleneck,
          uniq_natasha

Skill      XL: |  1  2  3  4 |
---------------+-------------+-----
Long Blades    | 4 |  4.3
Armour         | 1 |  1.3
Air Magic      | 2 |  2.7
Fighting       | |  2.1
Dodging        | |  2.3
Spellcasting   | |  2.5
Conjurations   | |  4.7

Action                     |  1- 3 |  4- 6 || total
---------------------------+-------+-------++-------
  Melee: Falchion          |    65 |    63 ||   128
         Kick              |    10 |    28 ||    38
         Peck              |     6 |     6 ||    12
         Punch             |       |     1 ||     1
   Cast: Momentum Strike   |     2 |       ||     2
         Mercury Vapours   |       |     4 ||     4
    Use: Scroll            |     5 |     2 ||     7
         Potion            |       |     1 ||     1
   Stab: Sleeping          |       |     2 ||     2
 Armour: Leather armour    |    25 |    22 ||    47
  Dodge: Dodged            |    50 |    49 ||    99
